 Dungeon Crawl Stone Soup version 0.30.1-9-gdf580d7c3d (webtiles) character file.

Game seed: 17047616148670987107

109 leafyfresh the Digger (level 4, -3/27 HPs)
             Began as an Octopode Earth Elementalist on Oct 12, 2023.
             Succumbed to an orc's poison
             ... on level 4 of the Dungeon.
             The game lasted 00:02:54 (1824 turns).

leafyfresh the Digger (Octopode Earth Elementalist) Turns: 1824, Time: 00:02:54

Health: -3/27      AC:  1    Str:  7    XL:     4   Next: 90%
Magic:  5/8        EV: 13    Int: 19    God:
Gold:   130        SH:  0    Dex: 12    Spells: 5/9 levels left

rFire   . . .        c - +1 whip (elec)
rCold   . . .        (no shield)
rNeg    . . .        (helmet restricted)
rPois   .            (no amulet)
rElec   .            (no ring)
rCorr   .            (no ring)
SInv    .            (no ring)
Will    .....        (no ring)
Stlth   +++          (no ring)
HPRegen 0.24/turn    (no ring)
MPRegen 0.11/turn    (no ring)
                     (no ring)

%: no passive effects
@: lethally poisoned (-3 -> -31), flying, very slightly contaminated
A: almost no armour, amphibious, 8 rings, camouflage 1, gelatinous body 1,
(nimble swimmer 1), tentacles
a: no special abilities


You were on level 4 of the Dungeon.
You visited 1 branch of the dungeon, and saw 5 of its levels.

You collected 130 gold pieces.

Inventory:

Hand Weapons
 c - a +1 whip of electrocution (weapon)
Armour
 j - a +0 buckler
Scrolls
 b - a scroll of acquirement {unknown}
 d - 3 scrolls of immolation {unknown}
 f - a scroll of poison {unknown}
 g - 2 scrolls of identify {unknown}
 m - a scroll of amnesia {unknown}
 o - a scroll of fog {unknown}
Potions
 a - a potion of magic
 e - 2 potions of degeneration {unknown}
 h - 2 potions of flight
 i - a potion of curing {unknown}
 k - a potion of heal wounds {unknown}
 l - a potion of brilliance {unknown}
 n - a potion of mutation {unknown}


   Skills:
 - Level 2.2 Dodging
 - Level 3.1 Stealth
 + Level 3.2 Spellcasting
 - Level 1.4 Transmutations
 + Level 4.1 Earth Magic


You had 5 spell levels left.
You knew the following spells:

 Your Spells              Type           Power      Damage    Failure   Level
a - Sandblast             Erth           36%        2d10      2%          1
b - Passwall              Tmut/Erth      10%        N/A       7%          2
c - Sting                 Tmut/Pois      20%        1d4       11%         1

Your spell library contained the following spells:

 Spells                   Type           Power      Damage    Failure   Level
 Stone Arrow              Conj/Erth      20%        3d8       19%         3
 Poisonous Vapours        Pois/Air       6%         N/A       22%         2
 Petrify                  Tmut/Erth      13%        N/A       43%         4
 Olgreb's Toxic Radiance  Pois           3%         N/A       83%         4


Dungeon Overview and Level Annotations

Branches:
Dungeon (5/15)
 Temple: D:4-7

Altars:
Ru

Shops:
D:5 [


Innate Abilities, Weirdness & Mutations

You cannot wear most types of armour.
You are amphibious.
You can wear up to eight rings at the same time.
Your skin changes colour to match your surroundings (Stealth+).
Your rubbery body absorbs attacks. (AC +1, EV +1)
((You are camouflaged when in or above water. (Stealth+)))
You have tentacles for arms and can constrict up to eight enemies at once.


Message History

Casting: Sandblast (safe; 2% risk of failure)
Confirm with . or Enter, or press ? or * to list all spells.
Aiming: Sandblast (safe; 2% risk of failure)
Press: ? - help, Shift-Dir - straight line, f - orc
Aim: an orc, wielding a +0 club and wearing a +0 leather armour (82% to hit)
The blast of sand hits the orc.
The orc is almost dead.
Casting: Sandblast (safe; 2% risk of failure)
Confirm with . or Enter, or press ? or * to list all spells.
Aiming: Sandblast (safe; 2% risk of failure)
Press: ? - help, Shift-Dir - straight line, f/p - orc
Aim: an orc, wielding a +0 club and wearing a +0 leather armour (almost dead, 82% to hit)
The blast of sand hits the orc.
The orc is severely wounded.
The orc hits you from afar with a +0 trident.
The orc hits you with a +1 whip of venom.
You are poisoned.
The orc closely misses you.
The orc hits you with a +1 whip of venom.
You are lethally poisoned!
Casting: Sandblast (safe; 2% risk of failure)
Confirm with . or Enter, or press ? or * to list all spells.
Aiming: Sandblast (safe; 2% risk of failure)
Press: ? - help, Shift-Dir - straight line, f/p - orc
Aim: an orc, wielding a +0 club and wearing a +0 leather armour (almost dead, 82% to hit)
You miscast Sandblast.
You are very lightly contaminated with residual magic.
Nothing appears to happen.
You feel very sick.
The orc hits you with a +1 whip of venom.
* * * LOW HITPOINT WARNING * * *
You are more poisoned.
The orc misses you. The orc hits you with a +0 dagger.
* * * LOW HITPOINT WARNING * * *
The orc barely misses you.
Unknown command.
It was a potion of flight.
You feel very buoyant.
You fly up into the air.
You die...

....... ....... .
....... #..
....... ....
....... .....
.......####......
.........@o..##
.......>.ooo.....
..(...........###
..............#
.....###......#
##### #......#
.......# #.....##
.....#


You could see 4 orcs.

Vanquished Creatures
  Natasha (twice) (D:2)
  2 dart slugs
  6 endoplasms
  2 giant cockroaches (D:1)
  4 goblins
  4 hobgoblins
  4 jackals (D:1)
  5 quokkas
  7 ball pythons (D:1)
  5 bats
  A frilled lizard (D:2)
  4 kobolds (D:1)
  2 rats (D:1)
48 creatures vanquished.

Notes
Turn   | Place    | Note
-------+----------+-------------------------------------------
     0 | D:1      | leafyfresh the Octopode Earth Elementalist began the quest
                  | for the Orb.
     0 | D:1      | Reached XP level 1. HP: 11/11 MP: 3/3
    32 | D:1      | Reached XP level 2. HP: 4/17 MP: 1/5
   559 | D:1      | Reached XP level 3. HP: 21/21 MP: 6/6
   681 | D:1      | Learned a level 2 spell: Passwall
   683 | D:1      | Learned a level 1 spell: Sting
  1051 | D:2      | Found a sacrificial altar of Ru.
  1444 | D:2      | Reached XP level 4. HP: 27/27 MP: 8/8
  1476 | D:2      | Noticed Natasha
  1484 | D:2      | Killed Natasha
  1659 | D:2      | Noticed Natasha
  1666 | D:2      | Killed Natasha
  1667 | D:2      | Reached skill level 4 in Earth Magic
  1764 | D:3      | Found a faded altar of an unknown god.
  1810 | D:3      | You fall into a shaft and drop 2 floors!
  1810 | D:5      | Entered Level 5 of the Dungeon
  1814 | D:5      | Found Kudimef's Antique Armour Shoppe.
  1824 | D:4      | Succumbed to an orc's poison

Illustrated notes

Levels and vault maps discovered:
D:1:      spicycebolla_arrival_clurvy, layout_basic, minivault_26
D:2:      layout_loops_ring, basic_altar, uniq_natasha
D:3:      layout_loops_ring, nicolae_ecumenical_pavilion, feat_on_display,
          uniq_terence
D:4:      layout_basic, yredelemnul_forgotten_temple_becter,
          hangedman_decor_peaks_small, nicolae_shop_dragon_depot,
          kennysheep_generic_room_14
D:5:      layout_rooms, nicolae_overflow_hidden_temple,
          minmay_temple_entry_nine_rooms, serial_shops,
          nicolae_shop_competitors_out_of_business, minmay_tree_intersection,
          chequers_serial_rivers_room_b, reono_crystal_passage

Skill      XL: |  1  2  3  4 |
---------------+-------------+-----
Stealth        | 3 |  3.1
Spellcasting   | 3 |  3.2
Earth Magic    | 4 |  4.1
Dodging        | |  2.2
Transmutations | |  1.4

Action                     |  1- 3 |  4- 6 || total
---------------------------+-------+-------++-------
  Melee: Unarmed           |    10 |       ||    10
         Constrict         |    18 |     2 ||    20
         Tentacles         |    18 |     1 ||    19
         Whip              |    66 |     4 ||    70
   Cast: Sandblast         |     6 |     5 ||    11
    Use: Potion            |       |     1 ||     1
   Stab: Sleeping          |    14 |     1 ||    15
 Armour: Skin              |     4 |       ||     4
  Dodge: Dodged            |    47 |    10 ||    57
